Canucks vs Wild

Created - March 18, 2015 at 20:06

Goals
1 2 3 T
Canucks 3 0 2 5
Wild 0 1 2 3
Shots
1 2 3 T
Canucks 19 6 13 38
Wild 10 15 11 36

1st period

1. Canucks , Matt Cooke 1 (P.K. Subban, Alex Pietrangelo) at 1:34
2. Canucks , Chris Kreider 6 (Marcus Kruger, Matt Cooke) at 8:45
3. Canucks , Logan Couture 28 (Ryan OReilly, Erik Karlsson) at 11:14

Penalties :
Marek Zidlicky (VAN) for Holding (Minor) at 2:37, Erik Karlsson (VAN) for Interference (Minor) at 13:35

2nd period

4. Wild , Marian Gaborik 32 (Mikko Koivu, Fedor Tyutin) at 16:58

Penalties :
Michael Stone (MIN) for Goalie Interference (Minor) at 1:09, P.K. Subban (VAN) for Slashing (Minor) at 4:39, Brent Burns (VAN) for Tripping (Minor) at 7:00, Brent Burns (VAN) for Holding (Minor) at 9:03, Ryan OReilly (VAN) for Goalie Interference (Minor) at 14:02

3rd period

5. Wild , Marian Gaborik 33 (Adam Hall) at 3:22
6. Wild , Daniel Alfredsson 25 (Mark Streit, Pierre-Marc Bouchard) at 7:01
7. Canucks , Brent Burns 25 (Marek Zidlicky, Nazem Kadri) at 9:00
8. Canucks , Ryan Johansen 21 (Claude Giroux, Adam Henrique) at 19:04

Penalties :
Erik Karlsson (VAN) for Hooking (Minor) at 0:10, Fedor Tyutin (MIN) for Hooking (Minor) at 5:30, Brent Burns (VAN) for High sticking (Minor) at 5:30

Goalie Stats

Henrik Lundqvist (VAN), 33 saves from 36 shots - (0.917), W, 35-17-4, 60:00 minutes
Josh Harding (MIN), 33 saves from 38 shots - (0.868), L, 20-34-3, 60:00 minutes

Players Stats for Canucks

Player Name              G  A  P  +/- PIM S  H  SB GA TA FO     MP     PP MP  PK MP  
------------------------------------------------------------------------------------
Adam Henrique            0  1  1   0  0   3  2  0  0  0  5/12   20:50   0:00   5:53 
Alex Pietrangelo         0  1  1  -1  0   1  0  2  0  0  0/0    22:13   0:59   6:57 
Andrei Markov            0  0  0   3  0   0  0  1  0  0  0/0    22:07   0:00   6:57 
Brent Burns              1  0  1   0  6   4  1  0  0  0  0/1    13:08   1:00   0:28 
Chris Kreider            1  0  1   1  0   2  0  0  0  0  0/0     8:14   0:00   0:00 
Claude Giroux            0  1  1   0  0   6  1  0  0  0  14/25  15:17   0:59   0:39 
Erik Karlsson            0  1  1   2  4   0  3  0  0  0  0/0    19:31   1:00   1:04 
Jonas Brodin             0  0  0   1  0   1  0  2  0  0  0/0    18:59   0:00   6:56 
Logan Couture            1  0  1   1  0   4  0  1  0  0  7/15   19:48   1:00   5:14 
Marcus Kruger            0  1  1   1  0   0  0  0  0  0  9/20   11:56   0:00   8:00 
Marek Zidlicky           0  1  1   0  2   1  1  1  0  0  0/0    12:41   0:59   0:00 
Matt Cooke               1  1  2   2  0   2  2  0  0  0  1/1    11:15   0:00   8:00 
Nazem Kadri              0  1  1  -1  0   3  0  0  0  0  10/14  12:22   0:00   0:00 
P.K. Subban              0  1  1   0  2   0  6  2  0  0  0/0    20:14   1:00   5:24 
Phil Kessel              0  0  0   1  0   2  4  0  0  0  3/4    14:33   0:59   0:00 
Ryan Johansen            1  0  1   0  0   5  1  0  0  0  0/1    14:38   0:59   0:00 
Ryan OReilly             0  1  1   1  2   1  0  0  0  0  0/0    14:33   1:00   0:00 
Ryane Clowe              0  0  0   0  0   3  0  0  0  0  0/0    11:41   0:00   0:00 

Players Stats for Wild

Player Name              G  A  P  +/- PIM S  H  SB GA TA FO     MP     PP MP  PK MP  
------------------------------------------------------------------------------------
Adam Hall                0  1  1  -1  0   0  1  0  0  0  17/32  21:18   7:12   0:50 
Adam McQuaid             0  0  0  -1  0   0  3  0  0  0  0/0    17:47   0:00   0:00 
Chris Conner             0  0  0   0  0   1  0  0  0  0  0/0    13:42   1:02   0:50 
Chris Phillips           0  0  0   1  0   1  2  0  0  0  0/0    10:38   0:00   1:02 
Daniel Alfredsson        1  0  1  -1  0   3  0  0  0  0  1/2    24:31   6:41   0:00 
Dennis Wideman           0  0  0  -2  0   1  1  0  0  0  0/0    24:45   6:24   0:00 
Erik Cole                0  0  0   0  0   2  1  0  0  0  0/0    12:59   0:00   1:09 
Fedor Tyutin             0  1  1   1  2   5  0  3  0  0  0/0    16:56   6:24   0:57 
Jesse Winchester         0  0  0   0  0   0  0  0  0  0  0/0     1:09   0:00   1:09 
Marian Gaborik           2  0  2   0  0   4  1  0  0  0  0/2    23:01   6:32   0:00 
Mark Streit              0  1  1  -1  0   3  0  0  0  0  0/0    24:53   7:29   0:57 
Michael Ryder            0  0  0  -3  0   7  0  0  0  0  0/0    21:21   6:19   0:00 
Michael Stone            0  0  0  -2  2   4  2  0  0  0  0/0    23:57   7:29   0:00 
Mikko Koivu              0  1  1  -2  0   3  0  0  0  0  19/38  24:56   6:41   0:00 
Milan Michalek           0  0  0  -1  0   2  3  0  0  0  1/3    20:28   7:12   0:00 
Pierre-Marc Bouchard     0  1  1   1  0   0  1  0  0  0  6/16   12:37   0:00   0:00 
Rob Scuderi              0  0  0   0  0   0  0  0  0  0  0/0     1:02   0:00   1:02 
Rostislav Klesla         0  0  0   0  0   0  0  0  0  0  0/0     0:00   0:00   0:00 

3 Stars

1 - Matt Cooke (VAN)
2 - Marian Gaborik (MIN)
3 - Logan Couture (VAN)

Power Play

Canucks - 0 on 1 Attempt(s) - 0.00%
Wild - 0 on 7 Attempt(s) - 0.00%

Penalty Kill

Canucks - 7 on 7 Attempt(s) - 100.00% - Score 0 goal in Penalty Kill
Wild - 1 on 1 Attempt(s) - 100.00% - Score 0 goal in Penalty Kill

Team Stat

Canucks - Hits : 21 - Faceoff Wins : 49 - Blocked Shots : 9 - Penalty Minutes : 16
Wild - Hits : 15 - Faceoff Wins : 44 - Blocked Shots : 3 - Penalty Minutes : 4

Official

Referees : Don VanMassenhoven and TJ Luxmore
Linesman : David Brisebois and Brad Lazarowich

Game Notes

No Game Note

Finance

Level 1 -- Attendance: 6429 (98.91%) -- Ticket Income $642,900
Level 2 -- Attendance: 5000 (100.00%) -- Ticket Income $300,000
Level 3 -- Attendance: 3414 (97.54%) -- Ticket Income $119,490
Level 4 -- Attendance: 2064 (100.00%) -- Ticket Income $41,280
Luxury Box -- Attendance: 891 (89.10%) -- Ticket Income $178,200
Game was played at the Xcel Energy Center'
Total Attendance: 17798 (98.53%)
Total Ticket Income: $1,281,870
Other Income: $192,280
Total Income: $1,474,150

% Time on Ice - Canucks

Lines # - Real PCT - Wanted PCT - Time Play
Normal Forward
1 - 32% - 34% - 13:39
2 - 32% - 31% - 13:34
3 - 28% - 25% - 11:41
4 - 8% - 10% - 3:15
Normal Defense
1 - 33% - 36% - 13:51
2 - 33% - 35% - 13:46
3 - 26% - 29% - 10:49
4 - 9% - 0% - 3:43
PP Forward
1 - 50% - 60% - 0:59
2 - 50% - 40% - 1:00
PP Defense
1 - 50% - 62% - 1:00
2 - 50% - 38% - 0:59
PK Forward
1 - 62% - 60% - 8:39
2 - 38% - 40% - 5:14
PK Defense
1 - 50% - 50% - 6:57
2 - 50% - 50% - 6:56
PK3 Forward
1 - 0% - 60%
2 - 0% - 40%
PK3 Defense
1 - 0% - 60%
2 - 0% - 40%
44 Forward
1 - 66% - 52% - 1:18
2 - 34% - 48% - 0:41
44 Defense
1 - 8% - 51% - 0:09
2 - 92% - 49% - 1:50
Last Minute Offensive  - 0:00
Last Minute Defensive  - 0:00
Total
Forward - 60:00
Defense - 60:00

% Time on Ice - Wild

Lines # - Real PCT - Wanted PCT - Time Play
Normal Forward
1 - 35% - 45% - 14:38
2 - 31% - 44% - 13:16
3 - 28% - 7% - 11:50
4 - 6% - 4% - 2:25
Normal Defense
1 - 40% - 45% - 17:04
2 - 36% - 44% - 15:13
3 - 23% - 7% - 9:36
4 - 1% - 4% - 0:16
PP Forward
1 - 48% - 50% - 6:41
2 - 52% - 50% - 7:12
PP Defense
1 - 54% - 50% - 7:29
2 - 46% - 50% - 6:24
PK Forward
1 - 42% - 50% - 0:50
2 - 58% - 50% - 1:09
PK Defense
1 - 52% - 50% - 1:02
2 - 48% - 50% - 0:57
PK3 Forward
1 - 0% - 50%
2 - 0% - 50%
PK3 Defense
1 - 0% - 50%
2 - 0% - 50%
44 Forward
1 - 61% - 50% - 1:12
2 - 39% - 50% - 0:47
44 Defense
1 - 49% - 50% - 0:58
2 - 51% - 50% - 1:01
Last Minute Offensive  - 0:00
Last Minute Defensive  - 0:00
Total
Forward - 60:00
Defense - 60:00

Play by Play

1st period


0:01 of 1st period - Claude Giroux wins face-off versus Mikko Koivu in neutral zone.
0:16 of 1st period - Shot by Claude Giroux.
0:16 of 1st period - Deflect By Ryan Johansen.
0:16 of 1st period - Stopped by Josh Harding without a rebound.
0:17 of 1st period - Logan Couture wins face-off versus Adam Hall in Wild zone.
0:24 of 1st period - Shot by Phil Kessel.
0:24 of 1st period - Shot Hit the Post.
0:44 of 1st period - Shot by Milan Michalek.
0:44 of 1st period - Stopped by Henrik Lundqvist without a rebound.
0:45 of 1st period - Nazem Kadri wins face-off versus Mikko Koivu in Canucks zone.
0:47 of 1st period - Icing by Jonas Brodin.
0:48 of 1st period - Nazem Kadri wins face-off versus Pierre-Marc Bouchard in Canucks zone.
0:53 of 1st period - Shot by Ryane Clowe.
0:53 of 1st period - Stopped by Josh Harding with a rebound.
0:55 of 1st period - Shot by Marek Zidlicky.
0:55 of 1st period - Shot Blocked by Fedor Tyutin.
0:57 of 1st period - Shot by Brent Burns.
0:57 of 1st period - Stopped by Josh Harding without a rebound.
0:58 of 1st period - Mikko Koivu wins face-off versus Marcus Kruger in Wild zone.
1:34 of 1st period - Shot by Matt Cooke.
1:34 of 1st period - Goal by Matt Cooke - Canucks : 1 - Wild : 0.
1:35 of 1st period - Claude Giroux wins face-off versus Adam Hall in neutral zone.
1:43 of 1st period - Icing by Michael Stone.
1:44 of 1st period - Nazem Kadri wins face-off versus Marian Gaborik in Wild zone.
2:00 of 1st period - Nazem Kadri is hit by Michael Stone and loses puck.
2:05 of 1st period - Shot by Brent Burns.
2:05 of 1st period - Deflect By Nazem Kadri.
2:05 of 1st period - Stopped by Josh Harding without a rebound.
2:06 of 1st period - Mikko Koivu wins face-off versus Claude Giroux in Wild zone.
2:19 of 1st period - Shot by Michael Ryder.
2:19 of 1st period - Stopped by Henrik Lundqvist without a rebound.
2:20 of 1st period - Adam Hall wins face-off versus Logan Couture in Canucks zone.
2:21 of 1st period - Shot by Marian Gaborik.
2:21 of 1st period - Stopped by Henrik Lundqvist without a rebound.
2:22 of 1st period - Mikko Koivu wins face-off versus Logan Couture in Canucks zone.
2:24 of 1st period - Daniel Alfredsson is hit by Marek Zidlicky.
2:37 of 1st period - Minor Penalty to Marek Zidlicky for Holding.
2:38 of 1st period - Marcus Kruger wins face-off versus Adam Hall in Canucks zone.
2:51 of 1st period - Matt Cooke is hit by Milan Michalek and loses puck.
2:58 of 1st period - Shot by Fedor Tyutin.
2:58 of 1st period - Deflect By Michael Ryder.
2:58 of 1st period - Stopped by Henrik Lundqvist without a rebound.
2:59 of 1st period - Mikko Koivu wins face-off versus Marcus Kruger in Canucks zone.
4:00 of 1st period - Shot by Michael Ryder.
4:00 of 1st period - Shot Misses the Net.
4:23 of 1st period - Shot by Fedor Tyutin.
4:23 of 1st period - Stopped by Henrik Lundqvist without a rebound.
4:24 of 1st period - Marcus Kruger wins face-off versus Mikko Koivu in Canucks zone.
4:37 of 1st period - Shot by Mikko Koivu.
4:37 of 1st period - Shot Misses the Net.
4:44 of 1st period - Pierre-Marc Bouchard is hit by Erik Karlsson and loses puck.
4:58 of 1st period - Icing by Nazem Kadri.
4:59 of 1st period - Adam Hall wins face-off versus Nazem Kadri in Canucks zone.
5:05 of 1st period - Icing by Ryane Clowe.
5:06 of 1st period - Daniel Alfredsson wins face-off versus Nazem Kadri in Canucks zone.
6:17 of 1st period - Shot by Marian Gaborik.
6:17 of 1st period - Stopped by Henrik Lundqvist without a rebound.
6:18 of 1st period - Pierre-Marc Bouchard wins face-off versus Claude Giroux in Canucks zone.
6:23 of 1st period - Shot by Chris Conner.
6:23 of 1st period - Shot Misses the Net.
7:25 of 1st period - Chris Phillips is hit by Phil Kessel and loses puck.
8:45 of 1st period - Shot by Chris Kreider.
8:45 of 1st period - Goal by Chris Kreider - Canucks : 2 - Wild : 0.
8:46 of 1st period - Nazem Kadri wins face-off versus Mikko Koivu in neutral zone.
8:50 of 1st period - Alex Pietrangelo is hit by Adam McQuaid and loses puck.
9:17 of 1st period - Shot by Nazem Kadri.
9:17 of 1st period - Deflect By Ryane Clowe.
9:17 of 1st period - Stopped by Josh Harding with a rebound.
9:19 of 1st period - Shot by Alex Pietrangelo.
9:19 of 1st period - Stopped by Josh Harding without a rebound.
9:20 of 1st period - Claude Giroux wins face-off versus Pierre-Marc Bouchard in Wild zone.
9:21 of 1st period - Shot by Ryan Johansen.
9:21 of 1st period - Stopped by Josh Harding without a rebound.
9:22 of 1st period - Claude Giroux wins face-off versus Pierre-Marc Bouchard in Wild zone.
9:33 of 1st period - Shot by Claude Giroux.
9:33 of 1st period - Stopped by Josh Harding without a rebound.
9:34 of 1st period - Logan Couture wins face-off versus Mikko Koivu in Wild zone.
10:03 of 1st period - Shot by Phil Kessel.
10:03 of 1st period - Stopped by Josh Harding without a rebound.
10:04 of 1st period - Adam Hall wins face-off versus Claude Giroux in Wild zone.
10:08 of 1st period - Mark Streit is hit by P.K. Subban and loses puck.
10:41 of 1st period - Shot by Mark Streit.
10:41 of 1st period - Shot Blocked by P.K. Subban.
10:51 of 1st period - Shot by Ryan Johansen.
10:51 of 1st period - Deflect By Claude Giroux.
10:51 of 1st period - Stopped by Josh Harding without a rebound.
10:52 of 1st period - Mikko Koivu wins face-off versus Phil Kessel in Wild zone.
11:05 of 1st period - Mikko Koivu is hit by Phil Kessel and loses puck.
11:12 of 1st period - Shot by Ryan OReilly.
11:12 of 1st period - Shot Misses the Net.
11:14 of 1st period - Shot by Logan Couture.
11:14 of 1st period - Goal by Logan Couture - Canucks : 3 - Wild : 0.
11:15 of 1st period - Pierre-Marc Bouchard wins face-off versus Brent Burns in neutral zone.
11:41 of 1st period - Shot by Ryane Clowe.
11:41 of 1st period - Stopped by Josh Harding with a rebound.
11:43 of 1st period - Shot by Brent Burns.
11:43 of 1st period - Deflect By Nazem Kadri.
11:43 of 1st period - Stopped by Josh Harding with a rebound.
12:15 of 1st period - Icing by Erik Karlsson.
12:16 of 1st period - Claude Giroux wins face-off versus Mikko Koivu in Canucks zone.
12:39 of 1st period - Shot by Adam Henrique.
12:39 of 1st period - Shot Misses the Net.
12:41 of 1st period - Shot by Ryan Johansen.
12:41 of 1st period - Deflect By Adam Henrique.
12:41 of 1st period - Stopped by Josh Harding without a rebound.
12:42 of 1st period - Adam Hall wins face-off versus Logan Couture in Wild zone.
13:07 of 1st period - Icing by Michael Stone.
13:08 of 1st period - Adam Hall wins face-off versus Adam Henrique in Wild zone.
13:15 of 1st period - Shot by Claude Giroux.
13:15 of 1st period - Deflect By Ryan Johansen.
13:15 of 1st period - Shot Misses the Net.
13:17 of 1st period - Shot by Claude Giroux.
13:17 of 1st period - Deflect By Adam Henrique.
13:17 of 1st period - Stopped by Josh Harding without a rebound.
13:18 of 1st period - Mikko Koivu wins face-off versus Adam Henrique in Wild zone.
13:18 of 1st period - Mikko Koivu is hit by Adam Henrique.
13:25 of 1st period - Michael Ryder is hit by Erik Karlsson and loses puck.
13:31 of 1st period - Mikko Koivu is hit by Erik Karlsson and loses puck.
13:35 of 1st period - Minor Penalty to Erik Karlsson for Interference.
13:36 of 1st period - Marcus Kruger wins face-off versus Adam Hall in Canucks zone.
13:53 of 1st period - Shot by Matt Cooke.
13:53 of 1st period - Stopped by Josh Harding without a rebound.
13:54 of 1st period - Mikko Koivu wins face-off versus Marcus Kruger in Wild zone.
14:05 of 1st period - Shot by Mikko Koivu.
14:05 of 1st period - Shot Misses the Net.
14:34 of 1st period - Shot by Fedor Tyutin.
14:34 of 1st period - Stopped by Henrik Lundqvist with a rebound.
14:59 of 1st period - Shot by Mark Streit.
14:59 of 1st period - Stopped by Henrik Lundqvist without a rebound.
15:00 of 1st period - Milan Michalek wins face-off versus Marcus Kruger in Canucks zone.
15:25 of 1st period - Milan Michalek is hit by Matt Cooke and loses puck.
15:52 of 1st period - Ryane Clowe is hit by Pierre-Marc Bouchard and loses puck.
16:03 of 1st period - Shot by Pierre-Marc Bouchard.
16:03 of 1st period - Deflect By Chris Conner.
16:03 of 1st period - Shot Misses the Net.
16:05 of 1st period - Shot by Erik Cole.
16:05 of 1st period - Stopped by Henrik Lundqvist with a rebound.
16:07 of 1st period - Shot by Erik Cole.
16:07 of 1st period - Stopped by Henrik Lundqvist with a rebound.
16:14 of 1st period - Brent Burns is hit by Erik Cole.
16:23 of 1st period - Icing by Erik Karlsson.
16:24 of 1st period - Nazem Kadri wins face-off versus Mikko Koivu in Canucks zone.
17:39 of 1st period - Shot by Claude Giroux.
17:39 of 1st period - Shot Misses the Net.
17:53 of 1st period - Fedor Tyutin is hit by Ryan Johansen and loses puck.
18:07 of 1st period - Claude Giroux is hit by Michael Stone and loses puck.
19:11 of 1st period - Off-side.
19:12 of 1st period - Phil Kessel wins face-off versus Adam Hall in neutral zone.
19:35 of 1st period - Shot by Ryan OReilly.
19:35 of 1st period - Stopped by Josh Harding without a rebound.
19:36 of 1st period - Adam Hall wins face-off versus Claude Giroux in Wild zone.
Goals for this period are 3 for Canucks vs 0 for Wild.
Shots for this period are 19 for Canucks vs 10 for Wild.

2nd period


0:01 of 2nd period - Logan Couture wins face-off versus Mikko Koivu in neutral zone.
0:39 of 2nd period - Icing by Michael Stone.
0:40 of 2nd period - Mikko Koivu wins face-off versus Claude Giroux in Wild zone.
1:09 of 2nd period - Minor Penalty to Michael Stone for Goalie Interference.
1:10 of 2nd period - Logan Couture wins face-off versus Adam Hall in Wild zone.
2:25 of 2nd period - Shot by Phil Kessel.
2:25 of 2nd period - Stopped by Josh Harding without a rebound.
2:26 of 2nd period - Claude Giroux wins face-off versus Adam Hall in Wild zone.
2:33 of 2nd period - Shot by Claude Giroux.
2:33 of 2nd period - Stopped by Josh Harding without a rebound.
2:34 of 2nd period - Claude Giroux wins face-off versus Adam Hall in Wild zone.
2:37 of 2nd period - Shot by Phil Kessel.
2:37 of 2nd period - Shot Misses the Net.
2:39 of 2nd period - Shot by Claude Giroux.
2:39 of 2nd period - Shot Misses the Net.
2:41 of 2nd period - Shot by Ryan Johansen.
2:41 of 2nd period - Shot Misses the Net.
2:43 of 2nd period - Shot by Marek Zidlicky.
2:43 of 2nd period - Shot Misses the Net.
2:45 of 2nd period - Shot by Claude Giroux.
2:45 of 2nd period - Stopped by Josh Harding without a rebound.
2:46 of 2nd period - Adam Hall wins face-off versus Claude Giroux in Wild zone.
3:10 of 2nd period - Phil Kessel is hit by Adam McQuaid.
3:41 of 2nd period - Chris Kreider is hit by Adam McQuaid.
3:54 of 2nd period - Marcus Kruger is hit by Dennis Wideman and loses puck.
4:05 of 2nd period - Dennis Wideman is hit by Matt Cooke and loses puck.
4:39 of 2nd period - Minor Penalty to P.K. Subban for Slashing.
4:40 of 2nd period - Adam Henrique wins face-off versus Mikko Koivu in Canucks zone.
4:49 of 2nd period - Shot by Mark Streit.
4:49 of 2nd period - Deflect By Mikko Koivu.
4:49 of 2nd period - Stopped by Henrik Lundqvist with a rebound.
4:51 of 2nd period - Shot by Mikko Koivu.
4:51 of 2nd period - Stopped by Henrik Lundqvist without a rebound.
4:52 of 2nd period - Marcus Kruger wins face-off versus Mikko Koivu in Canucks zone.
5:05 of 2nd period - Shot by Daniel Alfredsson.
5:05 of 2nd period - Shot Misses the Net.
5:07 of 2nd period - Shot by Michael Stone.
5:07 of 2nd period - Stopped by Henrik Lundqvist without a rebound.
5:08 of 2nd period - Marcus Kruger wins face-off versus Mikko Koivu in Canucks zone.
5:08 of 2nd period - Marcus Kruger is hit by Marian Gaborik.
5:15 of 2nd period - Icing by Marian Gaborik.
5:16 of 2nd period - Mikko Koivu wins face-off versus Marcus Kruger in Wild zone.
5:29 of 2nd period - Shot by Dennis Wideman.
5:29 of 2nd period - Shot Misses the Net.
5:31 of 2nd period - Shot by Dennis Wideman.
5:31 of 2nd period - Stopped by Henrik Lundqvist without a rebound.
5:32 of 2nd period - Adam Hall wins face-off versus Marcus Kruger in Canucks zone.
5:35 of 2nd period - Shot by Michael Stone.
5:35 of 2nd period - Shot Misses the Net.
6:29 of 2nd period - Shot by Fedor Tyutin.
6:29 of 2nd period - Stopped by Henrik Lundqvist with a rebound.
6:39 of 2nd period - Shot by Mikko Koivu.
6:39 of 2nd period - Shot Misses the Net.
7:00 of 2nd period - Minor Penalty to Brent Burns for Tripping.
7:01 of 2nd period - Marcus Kruger wins face-off versus Daniel Alfredsson in Canucks zone.
7:45 of 2nd period - Shot by Milan Michalek.
7:45 of 2nd period - Deflect By Michael Ryder.
7:45 of 2nd period - Stopped by Henrik Lundqvist without a rebound.
7:46 of 2nd period - Adam Henrique wins face-off versus Milan Michalek in Canucks zone.
9:03 of 2nd period - Minor Penalty to Brent Burns for Holding.
9:04 of 2nd period - Adam Hall wins face-off versus Adam Henrique in Canucks zone.
9:09 of 2nd period - Shot by Fedor Tyutin.
9:09 of 2nd period - Shot Blocked by Logan Couture.
9:11 of 2nd period - Shot by Fedor Tyutin.
9:11 of 2nd period - Stopped by Henrik Lundqvist without a rebound.
9:12 of 2nd period - Mikko Koivu wins face-off versus Adam Henrique in Canucks zone.
9:17 of 2nd period - Shot by Mikko Koivu.
9:17 of 2nd period - Shot Misses the Net.
9:19 of 2nd period - Shot by Marian Gaborik.
9:19 of 2nd period - Shot Misses the Net.
9:21 of 2nd period - Shot by Michael Stone.
9:21 of 2nd period - Stopped by Henrik Lundqvist without a rebound.
9:22 of 2nd period - Adam Hall wins face-off versus Marcus Kruger in Canucks zone.
9:45 of 2nd period - Shot by Fedor Tyutin.
9:45 of 2nd period - Stopped by Henrik Lundqvist without a rebound.
9:46 of 2nd period - Mikko Koivu wins face-off versus Marcus Kruger in Canucks zone.
10:13 of 2nd period - Shot by Marian Gaborik.
10:13 of 2nd period - Shot Misses the Net.
10:15 of 2nd period - Shot by Michael Stone.
10:15 of 2nd period - Shot Misses the Net.
10:17 of 2nd period - Shot by Daniel Alfredsson.
10:17 of 2nd period - Stopped by Henrik Lundqvist without a rebound.
10:18 of 2nd period - Adam Henrique wins face-off versus Adam Hall in Canucks zone.
11:20 of 2nd period - Shot by Jonas Brodin.
11:20 of 2nd period - Stopped by Josh Harding without a rebound.
11:21 of 2nd period - Pierre-Marc Bouchard wins face-off versus Logan Couture in Wild zone.
12:33 of 2nd period - Shot by Claude Giroux.
12:33 of 2nd period - Shot Misses the Net.
12:35 of 2nd period - Shot by Ryan Johansen.
12:35 of 2nd period - Stopped by Josh Harding without a rebound.
12:36 of 2nd period - Adam Hall wins face-off versus Nazem Kadri in Wild zone.
12:53 of 2nd period - Shot by Chris Phillips.
12:53 of 2nd period - Stopped by Henrik Lundqvist without a rebound.
12:54 of 2nd period - Mikko Koivu wins face-off versus Claude Giroux in Canucks zone.
12:57 of 2nd period - Shot by Mikko Koivu.
12:57 of 2nd period - Stopped by Henrik Lundqvist without a rebound.
12:58 of 2nd period - Claude Giroux wins face-off versus Mikko Koivu in Canucks zone.
13:03 of 2nd period - Shot by Adam Henrique.
13:03 of 2nd period - Shot Misses the Net.
14:01 of 2nd period - Shot by Phil Kessel.
14:01 of 2nd period - Shot Misses the Net.
14:02 of 2nd period - Minor Penalty to Ryan OReilly for Goalie Interference.
14:03 of 2nd period - Marcus Kruger wins face-off versus Adam Hall in Canucks zone.
14:30 of 2nd period - Marcus Kruger is hit by Milan Michalek and loses puck.
14:43 of 2nd period - Shot by Mark Streit.
14:43 of 2nd period - Stopped by Henrik Lundqvist with a rebound.
15:41 of 2nd period - Shot by Milan Michalek.
15:41 of 2nd period - Shot Misses the Net.
15:43 of 2nd period - Shot by Adam Hall.
15:43 of 2nd period - Deflect By Michael Ryder.
15:43 of 2nd period - Shot Blocked by P.K. Subban.
15:45 of 2nd period - Shot by Milan Michalek.
15:45 of 2nd period - Shot Misses the Net.
15:47 of 2nd period - Shot by Michael Stone.
15:47 of 2nd period - Stopped by Henrik Lundqvist with a rebound.
15:49 of 2nd period - Shot by Milan Michalek.
15:49 of 2nd period - Shot Misses the Net.
16:14 of 2nd period - Icing by Brent Burns.
16:15 of 2nd period - Nazem Kadri wins face-off versus Pierre-Marc Bouchard in Canucks zone.
16:31 of 2nd period - Dennis Wideman is hit by Brent Burns and loses puck.
16:58 of 2nd period - Shot by Marian Gaborik.
16:58 of 2nd period - Goal by Marian Gaborik - Canucks : 3 - Wild : 1.
16:59 of 2nd period - Phil Kessel wins face-off versus Mikko Koivu in neutral zone.
17:26 of 2nd period - Icing by Chris Phillips.
17:27 of 2nd period - Claude Giroux wins face-off versus Mikko Koivu in Wild zone.
17:39 of 2nd period - Claude Giroux is hit by Chris Phillips and loses puck.
19:01 of 2nd period - Shot by Logan Couture.
19:01 of 2nd period - Stopped by Josh Harding without a rebound.
19:02 of 2nd period - Nazem Kadri wins face-off versus Pierre-Marc Bouchard in Wild zone.
19:10 of 2nd period - Icing by Adam McQuaid.
19:11 of 2nd period - Pierre-Marc Bouchard wins face-off versus Nazem Kadri in Wild zone.
Goals for this period are 0 for Canucks vs 1 for Wild.
Shots for this period are 6 for Canucks vs 15 for Wild.

3rd period


0:01 of 3rd period - Adam Hall wins face-off versus Claude Giroux in neutral zone.
0:01 of 3rd period - Adam Hall is hit by Claude Giroux.
0:10 of 3rd period - Minor Penalty to Erik Karlsson for Hooking.
0:11 of 3rd period - Matt Cooke wins face-off versus Marian Gaborik in Canucks zone.
1:15 of 3rd period - Michael Stone is hit by Adam Henrique and loses puck.
1:40 of 3rd period - Shot by Milan Michalek.
1:40 of 3rd period - Shot Blocked by Alex Pietrangelo.
1:44 of 3rd period - Shot by Michael Ryder.
1:44 of 3rd period - Stopped by Henrik Lundqvist with a rebound.
1:46 of 3rd period - Shot by Mark Streit.
1:46 of 3rd period - Stopped by Henrik Lundqvist with a rebound.
1:48 of 3rd period - Shot by Michael Stone.
1:48 of 3rd period - Stopped by Henrik Lundqvist without a rebound.
1:49 of 3rd period - Marcus Kruger wins face-off versus Mikko Koivu in Canucks zone.
1:59 of 3rd period - Off-side.
2:00 of 3rd period - Marcus Kruger wins face-off versus Adam Hall in neutral zone.
2:06 of 3rd period - Icing by Milan Michalek.
2:07 of 3rd period - Adam Hall wins face-off versus Marcus Kruger in Wild zone.
2:40 of 3rd period - Shot by Chris Conner.
2:40 of 3rd period - Stopped by Henrik Lundqvist without a rebound.
2:41 of 3rd period - Claude Giroux wins face-off versus Adam Hall in Canucks zone.
2:52 of 3rd period - Off-side.
2:53 of 3rd period - Phil Kessel wins face-off versus Mikko Koivu in neutral zone.
3:02 of 3rd period - Icing by Mikko Koivu.
3:03 of 3rd period - Claude Giroux wins face-off versus Mikko Koivu in Wild zone.
3:19 of 3rd period - Icing by Alex Pietrangelo.
3:20 of 3rd period - Adam Hall wins face-off versus Claude Giroux in Canucks zone.
3:20 of 3rd period - Adam Hall is hit by P.K. Subban.
3:22 of 3rd period - Shot by Marian Gaborik.
3:22 of 3rd period - Goal by Marian Gaborik - Canucks : 3 - Wild : 2.
3:23 of 3rd period - Logan Couture wins face-off versus Adam Hall in neutral zone.
4:43 of 3rd period - Michael Ryder is hit by P.K. Subban and loses puck.
4:53 of 3rd period - Mikko Koivu is hit by P.K. Subban.
4:55 of 3rd period - Shot by Michael Ryder.
4:55 of 3rd period - Stopped by Henrik Lundqvist with a rebound.
4:57 of 3rd period - Shot by Mikko Koivu.
4:57 of 3rd period - Deflect By Michael Ryder.
4:57 of 3rd period - Stopped by Henrik Lundqvist without a rebound.
4:58 of 3rd period - Nazem Kadri wins face-off versus Pierre-Marc Bouchard in Canucks zone.
5:21 of 3rd period - Shot by Brent Burns.
5:21 of 3rd period - Stopped by Josh Harding with a rebound.
5:23 of 3rd period - Shot by Jonas Brodin.
5:23 of 3rd period - Shot Misses the Net.
5:25 of 3rd period - Shot by Marek Zidlicky.
5:25 of 3rd period - Shot Blocked by Fedor Tyutin.
5:27 of 3rd period - Shot by Marek Zidlicky.
5:27 of 3rd period - Stopped by Josh Harding with a rebound.
5:29 of 3rd period - Shot by Brent Burns.
5:29 of 3rd period - Shot Blocked by Fedor Tyutin.
5:30 of 3rd period - Minor Penalty to Fedor Tyutin for Hooking.
5:30 of 3rd period - Minor Penalty to Brent Burns for High sticking.
5:31 of 3rd period - Mikko Koivu wins face-off versus Adam Henrique in Wild zone.
6:00 of 3rd period - Shot by Mikko Koivu.
6:00 of 3rd period - Shot Misses the Net.
6:02 of 3rd period - Shot by Mikko Koivu.
6:02 of 3rd period - Shot Blocked by Andrei Markov.
6:35 of 3rd period - Off-side.
6:36 of 3rd period - Pierre-Marc Bouchard wins face-off versus Marcus Kruger in neutral zone.
6:39 of 3rd period - Shot by Mark Streit.
6:39 of 3rd period - Shot Blocked by Alex Pietrangelo.
6:41 of 3rd period - Shot by Mark Streit.
6:41 of 3rd period - Deflect By Pierre-Marc Bouchard.
6:41 of 3rd period - Shot Misses the Net.
6:47 of 3rd period - Shot by Mark Streit.
6:47 of 3rd period - Shot Misses the Net.
6:57 of 3rd period - Shot by Pierre-Marc Bouchard.
6:57 of 3rd period - Shot Misses the Net.
6:59 of 3rd period - Shot by Mark Streit.
6:59 of 3rd period - Shot Blocked by Marek Zidlicky.
7:01 of 3rd period - Shot by Daniel Alfredsson.
7:01 of 3rd period - Goal by Daniel Alfredsson - Canucks : 3 - Wild : 3.
7:02 of 3rd period - Mikko Koivu wins face-off versus Marcus Kruger in neutral zone.
7:16 of 3rd period - Shot by Nazem Kadri.
7:16 of 3rd period - Stopped by Josh Harding without a rebound.
7:17 of 3rd period - Adam Henrique wins face-off versus Pierre-Marc Bouchard in Wild zone.
7:20 of 3rd period - Shot by Adam Henrique.
7:20 of 3rd period - Deflect By Chris Kreider.
7:20 of 3rd period - Stopped by Josh Harding without a rebound.
7:21 of 3rd period - Mikko Koivu wins face-off versus Adam Henrique in Wild zone.
7:32 of 3rd period - Shot by Michael Ryder.
7:32 of 3rd period - Stopped by Henrik Lundqvist without a rebound.
7:33 of 3rd period - Mikko Koivu wins face-off versus Logan Couture in Canucks zone.
8:51 of 3rd period - Shot by Milan Michalek.
8:51 of 3rd period - Stopped by Henrik Lundqvist without a rebound.
8:52 of 3rd period - Nazem Kadri wins face-off versus Milan Michalek in Canucks zone.
8:52 of 3rd period - Nazem Kadri is hit by Adam Hall.
9:00 of 3rd period - Shot by Brent Burns.
9:00 of 3rd period - Goal by Brent Burns - Canucks : 4 - Wild : 3.
9:01 of 3rd period - Adam Hall wins face-off versus Ryan Johansen in neutral zone.
9:59 of 3rd period - Off-side.
10:00 of 3rd period - Logan Couture wins face-off versus Mikko Koivu in neutral zone.
10:39 of 3rd period - Shot by Ryan OReilly.
10:39 of 3rd period - Deflect By Logan Couture.
10:39 of 3rd period - Stopped by Josh Harding without a rebound.
10:40 of 3rd period - Nazem Kadri wins face-off versus Pierre-Marc Bouchard in Wild zone.
11:09 of 3rd period - Shot by Pierre-Marc Bouchard.
11:09 of 3rd period - Shot Misses the Net.
11:53 of 3rd period - Shot by Marian Gaborik.
11:53 of 3rd period - Shot Misses the Net.
11:55 of 3rd period - Shot by Milan Michalek.
11:55 of 3rd period - Shot Misses the Net.
11:57 of 3rd period - Shot by Milan Michalek.
11:57 of 3rd period - Shot Blocked by Jonas Brodin.
12:12 of 3rd period - Icing by Mark Streit.
12:13 of 3rd period - Adam Hall wins face-off versus Adam Henrique in Wild zone.
12:27 of 3rd period - Shot by Claude Giroux.
12:27 of 3rd period - Stopped by Josh Harding without a rebound.
12:28 of 3rd period - Mikko Koivu wins face-off versus Logan Couture in Wild zone.
12:28 of 3rd period - Mikko Koivu is hit by Phil Kessel.
12:57 of 3rd period - Daniel Alfredsson is hit by P.K. Subban and loses puck.
13:24 of 3rd period - Erik Cole is hit by Phil Kessel and loses puck.
13:32 of 3rd period - Icing by Pierre-Marc Bouchard.
13:33 of 3rd period - Claude Giroux wins face-off versus Pierre-Marc Bouchard in Wild zone.
13:38 of 3rd period - Shot by Ryan Johansen.
13:38 of 3rd period - Stopped by Josh Harding without a rebound.
13:39 of 3rd period - Claude Giroux wins face-off versus Adam Hall in Wild zone.
14:13 of 3rd period - Shot by Marian Gaborik.
14:13 of 3rd period - Shot Misses the Net.
14:19 of 3rd period - Adam Henrique is hit by Milan Michalek and loses puck.
15:00 of 3rd period - Shot by Brent Burns.
15:00 of 3rd period - Stopped by Josh Harding without a rebound.
15:01 of 3rd period - Pierre-Marc Bouchard wins face-off versus Logan Couture in Wild zone.
15:47 of 3rd period - Shot by Logan Couture.
15:47 of 3rd period - Stopped by Josh Harding without a rebound.
15:48 of 3rd period - Mikko Koivu wins face-off versus Claude Giroux in Wild zone.
15:55 of 3rd period - Icing by Fedor Tyutin.
15:56 of 3rd period - Adam Henrique wins face-off versus Mikko Koivu in Wild zone.
15:56 of 3rd period - Andrei Markov is hit by Chris Phillips.
16:40 of 3rd period - Shot by Daniel Alfredsson.
16:40 of 3rd period - Stopped by Henrik Lundqvist without a rebound.
16:41 of 3rd period - Adam Hall wins face-off versus Logan Couture in Canucks zone.
17:12 of 3rd period - Shot by Milan Michalek.
17:12 of 3rd period - Deflect By Marian Gaborik.
17:12 of 3rd period - Shot Blocked by Jonas Brodin.
17:41 of 3rd period - Mark Streit is hit by P.K. Subban and loses puck.
18:25 of 3rd period - Icing by Adam McQuaid.
18:26 of 3rd period - Mikko Koivu wins face-off versus Claude Giroux in Wild zone.
18:40 of 3rd period - Shot by Claude Giroux.
18:40 of 3rd period - Stopped by Josh Harding with a rebound.
18:42 of 3rd period - Shot by Erik Karlsson.
18:42 of 3rd period - Shot Misses the Net.
18:58 of 3rd period - Shot by Andrei Markov.
18:58 of 3rd period - Shot Misses the Net.
19:00 of 3rd period - Shot by Adam Henrique.
19:00 of 3rd period - Stopped by Josh Harding with a rebound.
19:02 of 3rd period - Shot by Claude Giroux.
19:02 of 3rd period - Shot Misses the Net.
19:04 of 3rd period - Shot by Ryan Johansen.
19:04 of 3rd period - Goal by Ryan Johansen - Canucks : 5 - Wild : 3.
19:05 of 3rd period - Logan Couture wins face-off versus Pierre-Marc Bouchard in neutral zone.
19:47 of 3rd period - Off-side.
19:48 of 3rd period - Claude Giroux wins face-off versus Adam Hall in neutral zone.
19:57 of 3rd period - Shot by Ryan Johansen.
19:57 of 3rd period - Shot Misses the Net.
Goals for this period are 2 for Canucks vs 2 for Wild.
Shots for this period are 13 for Canucks vs 11 for Wild.


Output by the SimonT Hockey Simulator (STHS) for Stephane Roy -- Original Page W3C XHTML 1.0 Valid
Hockey Simulator - Hockey Simulation - Hockey Manager